[Event "3rd FIDE WCCC Rapid U10 2019"]
[Site "Minsk"]
[Date "2019.08.16"]
[Round "4.3"]
[White "Pham, Tran Gia Phuc"]
[Black "Koshulyan, Egor A."]
[Result "1/2-1/2"]
[ECO "A52"]
[WhiteElo "1645"]
[BlackElo "1872"]
[Annotator "NA"]
[PlyCount "103"]
[EventDate "2019.08.16"]
[EventType "swiss"]
[EventCountry "BLR"]
[SourceTitle "playchess.com"]
[Source "ChessBase"]
[SourceQuality "1"]
[TimeControl "600+5"]

1. d4 Nf6 2. c4 e5 3. dxe5 Ng4 4. Nf3 Bc5 5. e3 Nc6 6. Nc3 O-O 7. Be2 Ngxe5 8. Nxe5 Nxe5 9. O-O Re8 10. Kh1 a5 11. b3 Ra6 12. f4 Nc6 13. Nd5 Nb4 14. Rf3 Rd6 15. Rg3 c6 16. Bb2 Rg6 17. Rxg6 hxg6 18. Nxb4 axb4 19. Bd4 Qe7 20. Bf3 Bxd4 21. exd4 Qe3 22. g3 d6 23. Kg2 Bf5 24. d5 c5 25. Qg1 Bh3+ 26. Kxh3 Qxf3 27. Re1 Re2 28. Rxe2 Qxe2 29. Qa1 b5 30. cxb5 Qh5+ 31. Kg2 Qxd5+ 32. Kg1 Qd3 33. Qf1 Qd4+ 34. Qf2 Qd5 35. Qe2 Kf8 36. Qc4 Qb7 37. Qd3 d5 38. Kf2 Qa8 39. Qe2 Qa7 40. Kf3 Qb7 41. Kf2 Qc7 42. Qd3 Qb7 43. Qe2 Qe7 44. Qd3 Qb7 45. Qe2 Qb6 46. Kf3 Qc7 47. Qd3 Qb7 48. Kf2 Ke7 49. Qe3+ Kd6 50. Qe5+ Kd7 51. Qxg7 Qxb5 52. Qe5 1/2-1/2

[Event "3rd FIDE WCCC Rapid U10 2019"]
[Site "Minsk"]
[Date "2019.08.16"]
[Round "4.4"]
[White "Bukreev, Stanislav"]
[Black "Lisenkov, Svyatoslav"]
[Result "1-0"]
[ECO "E62"]
[WhiteElo "1257"]
[BlackElo "1478"]
[Annotator "NA"]
[PlyCount "153"]
[EventDate "2019.08.16"]
[EventType "swiss"]
[EventCountry "BLR"]
[SourceTitle "playchess.com"]
[Source "ChessBase"]
[SourceQuality "1"]
[TimeControl "600+5"]

1. d4 Nf6 2. c4 g6 3. Nc3 Bg7 4. Nf3 d6 5. g3 O-O 6. Bg2 Nc6 7. O-O Bf5 8. d5 Na5 9. Nd2 c6 10. e4 Bg4 11. Qc2 cxd5 12. cxd5 Rc8 13. h3 Bd7 14. Nb3 Ne8 15. Bd2 Nc4 16. Rac1 Nxd2 17. Qxd2 b5 18. Ne2 Qb6 19. Rxc8 Bxc8 20. Rc1 Bd7 21. Ned4 Nc7 22. Nc6 Bxc6 23. Rxc6 Qb8 24. Qc2 Na8 25. Bf1 Nb6 26. Na5 Nc4 27. Bxc4 bxc4 28. Nxc4 Bd4 29. b3 Bc5 30. a3 Rc8 31. b4 Bd4 32. Na5 Re8 33. Nb3 Bb6 34. Qc4 f6 35. Nd4 Kf7 36. Ne6 Kg8 37. Kg2 Kf7 38. a4 a5 39. b5 Kg8 40. Nf4 Kf7 41. Ne2 Qb7 42. Nd4 Bxd4 43. Qxd4 Rc8 44. Qc4 Re8 45. Rc7 Qb6 46. Rc6 Qb7 47. Qc3 Ra8 48. Qd4 Rb8 49. Qc3 Ra8 50. Kf3 Kf8 51. Rc7 Qb6 52. Qc6 Qb8 53. h4 h5 54. Ke2 Kf7 55. Ke3 Kf8 56. Kf3 Kf7 57. Qd7 Qe8 58. Qc6 Qb8 59. Rb7 Qd8 60. b6 Rc8 61. Rc7 Rxc7 62. Qxc7 Qa8 63. b7 Qa6 64. b8=Q Qf1 65. Qb2 Qh1+ 66. Ke3 Qe1+ 67. Qe2 Qb4 68. Qcc4 Qb1 69. Kf3 Qh1+ 70. Ke3 Qb1 71. Qec2 Qe1+ 72. Q4e2 Qh1 73. Qc8 Kg7 74. Qe6 Qc1+ 75. Qd2 Qc5+ 76. Ke2 Kf8 77. Qh6+ 1-0

[Event "3rd FIDE WCCC Rapid U10 2019"]
[Site "Minsk"]
[Date "2019.08.16"]
[Round "4.5"]
[White "Misiuk, Martynas"]
[Black "Tiulyagin, Matvey"]
[Result "1/2-1/2"]
[ECO "C00"]
[WhiteElo "1331"]
[BlackElo "1348"]
[Annotator "NA"]
[PlyCount "58"]
[EventDate "2019.08.16"]
[EventType "swiss"]
[EventCountry "BLR"]
[SourceTitle "playchess.com"]
[Source "ChessBase"]
[SourceQuality "1"]
[TimeControl "600+5"]

1. e4 e6 2. d4 b6 3. Nf3 Bb7 4. Nc3 Bb4 5. Bd3 Nf6 6. Bg5 h6 7. Bxf6 Qxf6 8. O-O a6 9. Qe2 d6 10. Rad1 Nd7 11. e5 Bxf3 12. exf6 Bxe2 13. fxg7 Rg8 14. Nxe2 b5 15. c3 Ba5 16. Rfe1 O-O-O 17. a4 c6 18. Ra1 Bc7 19. axb5 axb5 20. Ra6 Kb7 21. Rea1 Bb6 22. c4 bxc4 23. Bxc4 Rxg7 24. R6a3 Rg4 25. h3 Rg5 26. Rf3 Rg7 27. Ba6+ Kc7 28. Rc1 Nb8 29. Bc4 Kb7 1/2-1/2

[Event "3rd FIDE WCCC Rapid U10 2019"]
[Site "Minsk"]
[Date "2019.08.16"]
[Round "4.6"]
[White "Zemlyanskii, Ivan"]
[Black "Gusev, Mikhail"]
[Result "1-0"]
[ECO "A58"]
[WhiteElo "1571"]
[BlackElo "1598"]
[Annotator "NA"]
[PlyCount "63"]
[EventDate "2019.08.16"]
[EventType "swiss"]
[EventCountry "BLR"]
[SourceTitle "playchess.com"]
[Source "ChessBase"]
[SourceQuality "1"]
[TimeControl "600+5"]

1. d4 Nf6 2. c4 c5 3. d5 b5 4. cxb5 a6 5. bxa6 g6 6. Nc3 Bg7 7. Nf3 O-O 8. e4 Qa5 9. Bd2 d6 10. Bd3 Bxa6 11. Bxa6 Qxa6 12. Qc2 Ng4 13. h3 Ne5 14. Nxe5 Bxe5 15. h4 Nd7 16. h5 Bd4 17. Ne2 Ne5 18. Rh3 Rab8 19. Bc3 Bxc3+ 20. bxc3 c4 21. hxg6 fxg6 22. Qd2 Nd3+ 23. Kf1 Nxf2 24. Rf3 Nxe4 25. Qe3 Nf6 26. Nd4 Rf7 27. Qe6 Re8 28. Rxf6 exf6 29. Qxe8+ Rf8 30. Qd7 h5 31. Ne6 Rf7 32. Qe8+ 1-0

[Event "3rd FIDE WCCC Rapid U10 2019"]
[Site "Minsk"]
[Date "2019.08.17"]
[Round "5.1"]
[White "Zverev, Lev"]
[Black "Dyachuk, Artem"]
[Result "1-0"]
[ECO "B45"]
[WhiteElo "1881"]
[BlackElo "1634"]
[Annotator "NA"]
[PlyCount "59"]
[EventDate "2019.08.16"]
[EventType "swiss"]
[EventCountry "BLR"]
[SourceTitle "playchess.com"]
[Source "ChessBase"]
[SourceQuality "1"]
[TimeControl "600+5"]

1. e4 c5 2. Nf3 e6 3. d4 cxd4 4. Nxd4 Nc6 5. Nc3 Bb4 6. Ndb5 Nf6 7. a3 Bxc3+ 8. Nxc3 d5 9. exd5 exd5 10. Bd3 Be6 11. O-O O-O 12. Bf4 a6 13. Ne2 Ne4 14. Ng3 Qf6 15. Qc1 Nc5 16. Be2 Rfc8 17. Be3 d4 18. Bg5 Qe5 19. f4 Qd5 20. f5 Bd7 21. Bf3 Qd6 22. f6 Ne6 23. Ne4 Qf8 24. fxg7 Qxg7 25. Bh6 Qg6 26. Kh1 f5 27. Bh5 fxe4 28. Bxg6 hxg6 29. Rf6 Kh7 30. Rf7+ 1-0

[Event "3rd FIDE WCCC Rapid U10 2019"]
[Site "Minsk"]
[Date "2019.08.17"]
[Round "5.2"]
[White "Vetokhin, Savva"]
[Black "Bukreev, Stanislav"]
[Result "1-0"]
[ECO "C09"]
[WhiteElo "2016"]
[BlackElo "1257"]
[Annotator "NA"]
[PlyCount "97"]
[EventDate "2019.08.16"]
[EventType "swiss"]
[EventCountry "BLR"]
[SourceTitle "playchess.com"]
[Source "ChessBase"]
[SourceQuality "1"]
[TimeControl "600+5"]

1. e4 e6 2. d4 d5 3. Nd2 c5 4. Ngf3 Nc6 5. exd5 exd5 6. Bb5 Nf6 7. O-O Be7 8. dxc5 Bxc5 9. Re1+ Be6 10. Nb3 Be7 11. Nbd4 Bd7 12. Qe2 a6 13. Bxc6 bxc6 14. Ne5 Rc8 15. Nxd7 Qxd7 16. Nf5 Rc7 17. Bf4 Ra7 18. Nxe7 Qxe7 19. Qd3 Ne4 20. f3 O-O 21. fxe4 Rd7 22. exd5 Qc5+ 23. Be3 Qxd5 24. Qxd5 Rxd5 25. Rad1 Rb5 26. b3 h6 27. c4 Ra5 28. Re2 f5 29. Bb6 Ra3 30. Bc5 Ra5 31. Bxf8 Kxf8 32. Rd7 f4 33. a4 Rf5 34. Ree7 f3 35. gxf3 Rxf3 36. Rxg7 Rxb3 37. Rh7 Rb1+ 38. Kg2 Rb2+ 39. Kg3 Rb3+ 40. Kg4 Ke8 41. Rb7 Rxb7 42. Rxb7 a5 43. Kf5 c5 44. Ke6 Kf8 45. h4 h5 46. Ra7 Kg8 47. Kf6 Kh8 48. Kg6 Kg8 49. Ra8# 1-0

[Event "3rd FIDE WCCC Rapid U10 2019"]
[Site "Minsk"]
[Date "2019.08.17"]
[Round "5.3"]
[White "Samunenkov, Ihor"]
[Black "Zemlyanskii, Ivan"]
[Result "1-0"]
[ECO "E62"]
[WhiteElo "1964"]
[BlackElo "1571"]
[Annotator "NA"]
[PlyCount "112"]
[EventDate "2019.08.16"]
[EventType "swiss"]
[EventCountry "BLR"]
[SourceTitle "playchess.com"]
[Source "ChessBase"]
[SourceQuality "1"]
[TimeControl "600+5"]

1. Nf3 Nf6 2. d4 g6 3. c4 Bg7 4. Nc3 O-O 5. g3 d6 6. Bg2 Nc6 7. d5 Na5 8. Qd3 c5 9. O-O a6 10. Rb1 b5 11. cxb5 axb5 12. b4 Nb7 13. Qxb5 cxb4 14. Qxb4 Nc5 15. Nd4 Ba6 16. Nc6 Qe8 17. Be3 Nfd7 18. Bd4 Bh6 19. Rfd1 Rc8 20. Rb2 e5 21. dxe6 Nxe6 22. Qa4 Nxd4 23. Qxd4 Bg7 24. Qd2 Nc5 25. Rb6 Bc4 26. Bd5 Bxc3 27. Qg5 Rxc6 28. Bxc6 Qxe2 29. Rbb1 Bg7 30. Rxd6 Qxa2 31. Rc1 Nd3 32. Rf1 Ne5 33. Rfd1 Nxc6 34. Rxc6 Be6 35. h4 Qe2 36. Rd8 Rxd8 37. Qxd8+ Bf8 38. Rc1 Qf3 39. Qd1 Qa8 40. f3 Qa7+ 41. Kg2 Qa2+ 42. Rc2 Qb3 43. Qe2 Bf5 44. Rd2 Be6 45. g4 Qb4 46. Qe3 Qb8 47. Re2 Qd6 48. Qc3 Bg7 49. Qc1 h6 50. Rd2 Qe5 51. Qd1 Kh7 52. Re2 Qf4 53. Re4 Qc7 54. Qd3 Qc1 55. h5 Qb2+ 56. Kh3 Qf6 1-0

[Event "3rd FIDE WCCC Rapid U10 2019"]
[Site "Minsk"]
[Date "2019.08.17"]
[Round "5.4"]
[White "Shidlovskij, Artem"]
[Black "Toktomushev, Teimur"]
[Result "0-1"]
[ECO "A57"]
[WhiteElo "1668"]
[BlackElo "1977"]
[Annotator "NA"]
[PlyCount "82"]
[EventDate "2019.08.16"]
[EventType "swiss"]
[EventCountry "BLR"]
[SourceTitle "playchess.com"]
[Source "ChessBase"]
[SourceQuality "1"]
[TimeControl "600+5"]

1. d4 Nf6 2. c4 c5 3. d5 b5 4. cxb5 a6 5. e3 g6 6. Nc3 Bg7 7. Nf3 O-O 8. a4 axb5 9. Bxb5 Ba6 10. O-O d6 11. Bd2 Bxb5 12. axb5 Nbd7 13. Qb3 Qc7 14. Ra3 Qb7 15. e4 Rfb8 16. Rfa1 Rxa3 17. bxa3 Nxe4 18. Re1 Nxc3 19. Bxc3 Qxb5 20. Qxb5 Rxb5 21. Bxg7 Kxg7 22. Rxe7 Rb1+ 23. Re1 Rxe1+ 24. Nxe1 Nb6 25. Nd3 Nxd5 26. a4 Nb4 27. Nb2 Kf6 28. Kf1 Ke5 29. Ke2 d5 30. Nd1 Kd6 31. Kd2 Kc6 32. Nc3 c4 33. Ke3 Kc5 34. Ne2 Nc6 35. Kd2 d4 36. f3 Kb4 37. Nf4 Kxa4 38. Nd5 Kb3 39. h4 c3+ 40. Kc1 Nb4 41. Nf4 d3 0-1

[Event "3rd FIDE WCCC Rapid U10 2019"]
[Site "Minsk"]
[Date "2019.08.17"]
[Round "5.5"]
[White "Koshulyan, Egor A."]
[Black "Hvozdz, Aliaksandr"]
[Result "1-0"]
[ECO "B01"]
[WhiteElo "1872"]
[BlackElo "1699"]
[Annotator "NA"]
[PlyCount "137"]
[EventDate "2019.08.16"]
[EventType "swiss"]
[EventCountry "BLR"]
[SourceTitle "playchess.com"]
[Source "ChessBase"]
[SourceQuality "1"]
[TimeControl "600+5"]

1. e4 d5 2. exd5 Qxd5 3. Nc3 Qd6 4. d4 Nf6 5. Nf3 c6 6. g3 Bf5 7. Bg2 e6 8. Bf4 Qd8 9. Qd2 Be7 10. O-O O-O 11. Rfe1 Nd5 12. Nxd5 cxd5 13. c3 Nd7 14. Rad1 Qa5 15. a3 Nb6 16. Ne5 Bf6 17. Qe2 Bxe5 18. Bxe5 Nc4 19. Bf4 Qb5 20. g4 Bg6 21. h4 h6 22. h5 Bh7 23. g5 hxg5 24. Bxg5 Qxb2 25. Qg4 Bf5 26. Qg3 Kh7 27. h6 g6 28. Bf6 Qxa3 29. Bg7 Rfe8 30. Qc7 Qe7 31. Qg3 a5 32. Bxd5 Nb2 33. Rd2 Nd3 34. Rxd3 Bxd3 35. Qxd3 Qg5+ 36. Bg2 a4 37. Ra1 a3 38. c4 a2 39. Qc2 Qa5 40. Bxb7 Ra7 41. Bg2 Rb8 42. d5 exd5 43. Bxd5 Rc8 44. Qb2 Qa3 45. Qc2 Qc5 46. Rxa2 Rxa2 47. Qxa2 Re8 48. Qd2 Qe7 49. Qf4 Qe1+ 50. Kg2 Re7 51. Bf8 Ra7 52. Qd4 Qa1 53. Qxa1 Rxa1 54. Bxf7 Rc1 55. Bd5 g5 56. c5 Kg6 57. Be4+ Kf7 58. h7 Kxf8 59. h8=Q+ Kf7 60. Bd5+ Ke7 61. Qg7+ Kd8 62. Qxg5+ Ke8 63. Qxc1 Ke7 64. Qg5+ Kf8 65. Qf6+ Ke8 66. Qf7+ Kd8 67. c6 Kc8 68. Qd7+ Kb8 69. Qb7# 1-0

[Event "3rd FIDE WCCC Rapid U10 2019"]
[Site "Minsk"]
[Date "2019.08.17"]
[Round "5.6"]
[White "Morkunas, Gustas"]
[Black "Pham, Tran Gia Phuc"]
[Result "1/2-1/2"]
[ECO "B47"]
[WhiteElo "1400"]
[BlackElo "1645"]
[Annotator "NA"]
[PlyCount "353"]
[EventDate "2019.08.16"]
[EventType "swiss"]
[EventCountry "BLR"]
[SourceTitle "playchess.com"]
[Source "ChessBase"]
[SourceQuality "1"]
[TimeControl "600+5"]

1. e4 c5 2. Nf3 e6 3. d4 cxd4 4. Nxd4 Nc6 5. Nc3 Qc7 6. g3 a6 7. Bg2 Nf6 8. O-O Be7 9. Re1 d6 10. Nxc6 bxc6 11. Na4 e5 12. c4 Be6 13. b3 O-O 14. Bb2 Nd7 15. Qd2 Rfd8 16. Bc3 Qb7 17. Ba5 Rdc8 18. Rad1 Rab8 19. Kh1 c5 20. Nc3 Nf8 21. f4 f6 22. h3 Qc6 23. f5 Bf7 24. g4 Nd7 25. Bf3 Rb7 26. h4 Nb8 27. Nd5 Bxd5 28. exd5 Qe8 29. Be4 Nd7 30. Qg2 Nf8 31. Kg1 h6 32. Bd2 Nh7 33. Re3 Bd8 34. Rg3 a5 35. Bc2 Rf7 36. Re1 Qd7 37. Qh2 Rc7 38. Bxa5 Ra7 39. Bxd8 Qxd8 40. a4 Qa5 41. Qe2 Qb4 42. Rf1 Rab7 43. Qe1 Qa3 44. Qc3 Qb4 45. Qxb4 cxb4 46. Bd3 Rfc7 47. Rc1 Rc5 48. Rg2 Re7 49. Be4 Ra7 50. Ra2 Nf8 51. Kf2 Kf7 52. Ke3 Nd7 53. Rca1 Rca5 54. Rb1 Nc5 55. Rc2 Ra8 56. Rcc1 Rh8 57. Rh1 Raa8 58. Kf3 Ke7 59. h5 Kd7 60. Ke3 Kc7 61. Bf3 Kb6 62. Be4 Nd7 63. Ra1 Ra5 64. Rac1 Kc5 65. Bf3 Nf8 66. Be4 Nh7 67. Rh2 Ng5 68. Rhh1 Rha8 69. Rh2 Nf7 70. Rhh1 Nd8 71. Ra1 Nb7 72. Bd3 Kb6 73. Be4 Nc5 74. Rab1 R5a7 75. Rb2 Ka5 76. Rbb1 Rc8 77. Rb2 Nd7 78. Rc1 Nb6 79. Bd3 Rac7 80. Rbc2 Nd7 81. Be4 Nc5 82. Rb2 Re7 83. Rd1 Nd7 84. Rc1 Kb6 85. Rbc2 Rce8 86. Rb2 Nc5 87. Rd1 Ra7 88. Ra1 Rea8 89. Rbb1 Nd7 90. Rb2 Kc5 91. Rh2 Rb8 92. Rc2 Rba8 93. Kd3 Kb6 94. Ke3 Nc5 95. Rb2 Ka5 96. Rab1 Re7 97. Ra1 Rd7 98. Rab1 Raa7 99. Ra1 Rab7 100. Rab1 Rb8 101. Ra1 Rc7 102. Rc1 Rb6 103. Rcb1 Ka6 104. Rc2 Ra7 105. Ra2 Ka5 106. Rc2 Rc7 107. Rcb2 Rb8 108. Rc2 Rbc8 109. Rbb2 Nd7 110. Rb1 Nb6 111. Rbc1 Rc5 112. Kd3 R8c7 113. Ke3 Re7 114. Kd3 Re8 115. Ke3 Nd7 116. Rb2 Nf8 117. Rh2 Nh7 118. Rb1 Rec8 119. Rc1 Ng5 120. Rb1 Nf7 121. Rc1 Nd8 122. Rb1 Nb7 123. Rc2 R8c7 124. Rd2 Kb6 125. Rc2 Na5 126. Kd3 Ka6 127. Rbb2 Rb7 128. Rb1 Rb6 129. Rcb2 Rc7 130. Rc2 Nb7 131. Ke3 Nc5 132. Rd2 Ka5 133. Rc2 Nxe4 134. Kxe4 Rc5 135. Rbc1 Rb7 136. Rd1 Rbc7 137. Rdc1 Rd7 138. Rd1 Re7 139. Rdc1 Kb6 140. Rd1 Ra5 141. Rdc1 Kc5 142. Rd1 Rea7 143. Rdc1 R7a6 144. Rd1 Ra8 145. Rdc1 Re8 146. Rd1 Re7 147. Rdc1 Rc7 148. Rd1 Kb6 149. Rdc1 Rcc5 150. Rd1 Ra7 151. Rdc1 Raa5 152. Rd2 Kb7 153. Rdc2 Ra8 154. Rd2 Re8 155. Rdc2 Re7 156. Rd2 Rd7 157. Rdc2 Kb6 158. Rd2 Kb7 159. Rdc2 Kc8 160. Rd2 Ra7 161. Rdc2 Kd8 162. Rd2 Ke8 163. Rdc2 Kf7 164. Rd2 Kg8 165. Rdc2 Kh7 166. Rd2 Raa5 167. Rdc2 Rc7 168. Rd2 Rac5 169. Rdc2 Kg8 170. Rd2 Kf7 171. Rdc2 Ke7 172. Rd2 Kd8 173. Rdc2 Kc8 174. Rd2 Ra7 175. Rdc2 Kb7 176. Rd2 Kb6 177. Rdc2 1/2-1/2

[Event "3rd FIDE WCCC Rapid U10 2019"]
[Site "Minsk"]
[Date "2019.08.17"]
[Round "6.1"]
[White "Vetokhin, Savva"]
[Black "Zverev, Lev"]
[Result "1/2-1/2"]
[ECO "C84"]
[WhiteElo "2016"]
[BlackElo "1881"]
[Annotator "NA"]
[PlyCount "80"]
[EventDate "2019.08.16"]
[EventType "swiss"]
[EventCountry "BLR"]
[SourceTitle "playchess.com"]
[Source "ChessBase"]
[SourceQuality "1"]
[TimeControl "600+5"]

1. e4 e5 2. Nf3 Nc6 3. Bb5 a6 4. Ba4 Nf6 5. O-O Be7 6. d3 b5 7. Bb3 O-O 8. Nc3 d6 9. a3 Be6 10. Bxe6 fxe6 11. d4 exd4 12. Nxd4 Nxd4 13. Qxd4 c5 14. Qd3 d5 15. e5 Nd7 16. f4 Qb6 17. Qg3 Qc6 18. Re1 Rf7 19. Bd2 Raf8 20. Rad1 Nb6 21. Bc1 d4 22. Ne4 Nd5 23. Qf3 Kh8 24. g3 g5 25. Rf1 gxf4 26. gxf4 Qc7 27. Kg2 Qc6 28. c3 Qb6 29. cxd4 cxd4 30. Qf2 Qc6 31. Qf3 Qb6 32. b4 Rf5 33. Qf2 Qc6 34. Rxd4 Nc3 35. Qf3 Nd5 36. Bd2 Qc2 37. Rc1 Qb2 38. Rxd5 exd5 39. Qc3 Qxc3 40. Nxc3 d4 1/2-1/2

[Event "3rd FIDE WCCC Rapid U10 2019"]
[Site "Minsk"]
[Date "2019.08.17"]
[Round "6.2"]
[White "Misiuk, Martynas"]
[Black "Samunenkov, Ihor"]
[Result "0-1"]
[ECO "B02"]
[WhiteElo "1331"]
[BlackElo "1964"]
[Annotator "NA"]
[PlyCount "50"]
[EventDate "2019.08.16"]
[EventType "swiss"]
[EventCountry "BLR"]
[SourceTitle "playchess.com"]
[Source "ChessBase"]
[SourceQuality "1"]
[TimeControl "600+5"]

1. e4 Nf6 2. Nc3 d5 3. exd5 Nxd5 4. Bc4 c6 5. d3 e6 6. Nf3 Nd7 7. O-O Be7 8. Ne2 O-O 9. Nf4 N7f6 10. Re1 Qc7 11. Ne5 Bd6 12. d4 Rd8 13. Qf3 b5 14. Bd3 Bb7 15. Qh3 g6 16. Qh4 Be7 17. Qh3 Bf8 18. Nxe6 fxe6 19. Qxe6+ Kg7 20. Bh6+ Kxh6 21. Nf7+ Kg7 22. Nxd8 Rxd8 23. Qh3 Nf4 24. Qg3 Bd6 25. Qe3 N6d5 0-1

[Event "3rd FIDE WCCC Rapid U10 2019"]
[Site "Minsk"]
[Date "2019.08.17"]
[Round "6.3"]
[White "Toktomushev, Teimur"]
[Black "Koshulyan, Egor A."]
[Result "0-1"]
[ECO "D05"]
[WhiteElo "1977"]
[BlackElo "1872"]
[Annotator "NA"]
[PlyCount "162"]
[EventDate "2019.08.16"]
[EventType "swiss"]
[EventCountry "BLR"]
[SourceTitle "playchess.com"]
[Source "ChessBase"]
[SourceQuality "1"]
[TimeControl "600+5"]

1. d4 Nf6 2. Nf3 d5 3. e3 e6 4. Bd3 Bd6 5. b3 O-O 6. Bb2 b6 7. O-O Bb7 8. Nbd2 Nbd7 9. Ne5 Ne4 10. Nxe4 dxe4 11. Bc4 Nf6 12. Qe2 a6 13. a4 c6 14. Qe1 Qc7 15. Ba3 Rfd8 16. Bxd6 Qxd6 17. Be2 c5 18. Nc4 Qc7 19. c3 Nd5 20. Rc1 Rac8 21. Qd2 Nf6 22. Qb2 Nd5 23. Nd2 Ne7 24. Nc4 Nd5 25. Nd2 Ne7 26. b4 Qd7 27. Nc4 Nd5 28. Ne5 Qe7 29. bxc5 bxc5 30. Rb1 Ba8 31. Bxa6 Rc7 32. Bb5 Rb8 33. Qa3 cxd4 34. Qxe7 Rxe7 35. cxd4 Rc7 36. Bc6 Rbc8 37. Bxa8 Rxa8 38. Ra1 f6 39. Ng4 h5 40. h3 hxg4 41. hxg4 Rca7 42. g5 Rxa4 43. Rab1 fxg5 44. Rb7 R4a7 45. Rb5 Ra1 46. g3 Rxf1+ 47. Kxf1 Kf7 48. Rb7+ Kf6 49. Rd7 Ra1+ 50. Kg2 Ra2 51. Kg1 g6 52. Rd8 Ra7 53. Rf8+ Rf7 54. Rd8 Kf5 55. Kg2 Kf6 56. Kg1 g4 57. Rh8 Kg5 58. Re8 Kf5 59. Kg2 Nf6 60. Rd8 Nh7 61. Rh8 Ng5 62. Rd8 Nf3 63. d5 exd5 64. Rxd5+ Ke6 65. Ra5 Rh7 66. Ra6+ Kf5 67. Ra5+ Ke6 68. Ra6+ Kd5 69. Ra1 Rh2+ 70. Kf1 Rh1+ 71. Ke2 Nd4+ 72. exd4 Rxa1 73. Ke3 g5 74. Kd2 Kxd4 75. Ke2 Ra2+ 76. Kf1 Kd3 77. Kg1 Ke2 78. Kg2 Ke1 79. Kh2 Kxf2 80. Kh1 Kxg3 81. Kg1 Ra1# 0-1

[Event "3rd FIDE WCCC Rapid U10 2019"]
[Site "Minsk"]
[Date "2019.08.17"]
[Round "6.4"]
[White "Zimin, Artur"]
[Black "Tiulyagin, Matvey"]
[Result "1/2-1/2"]
[ECO "A40"]
[WhiteElo "1672"]
[BlackElo "1348"]
[Annotator "NA"]
[PlyCount "103"]
[EventDate "2019.08.16"]
[EventType "swiss"]
[EventCountry "BLR"]
[SourceTitle "playchess.com"]
[Source "ChessBase"]
[SourceQuality "1"]
[TimeControl "600+5"]

1. d4 e6 2. Nc3 b6 3. e4 Bb7 4. Be3 Bb4 5. f3 Nf6 6. a3 Be7 7. Bd3 d6 8. Nge2 Nbd7 9. O-O a6 10. Nb1 Rc8 11. Nd2 c5 12. c3 Qc7 13. f4 c4 14. Bc2 b5 15. Ng3 Qb8 16. Qe2 Qa8 17. h3 Nb8 18. Qf2 Nc6 19. e5 Nd7 20. exd6 Bf6 21. Nde4 O-O 22. Nc5 Ncb8 23. Nxb7 Qxb7 24. Ne4 Qd5 25. Rae1 g6 26. Bd2 Bg7 27. Bc1 Nf6 28. g4 Nxe4 29. Bxe4 Qxd6 30. Bd2 Nd7 31. Bc1 Nb6 32. f5 exf5 33. gxf5 Nd7 34. Bf4 Qb6 35. Bg3 Nf6 36. Bc2 Nd5 37. Qf3 Rcd8 38. Bh4 Rd7 39. Be4 Nf6 40. Bc2 Qb7 41. Qxb7 Rxb7 42. Bxf6 Bxf6 43. fxg6 fxg6 44. Re6 Rbf7 45. Rd1 Bh4 46. Be4 Kg7 47. Rxa6 Rf2 48. Ra7+ Kh6 49. d5 Rxb2 50. Rb7 Re8 51. Bf3 Re3 52. Rf1 1/2-1/2

[Event "3rd FIDE WCCC Rapid U10 2019"]
[Site "Minsk"]
[Date "2019.08.17"]
[Round "6.5"]
[White "Ryazanov, Sergey"]
[Black "Usov, Aleksandr E."]
[Result "0-1"]
[ECO "D01"]
[WhiteElo "1131"]
[BlackElo "1919"]
[Annotator "NA"]
[PlyCount "154"]
[EventDate "2019.08.16"]
[EventType "swiss"]
[EventCountry "BLR"]
[SourceTitle "playchess.com"]
[Source "ChessBase"]
[SourceQuality "1"]
[TimeControl "600+5"]

1. d4 d5 2. Nc3 Nf6 3. Bg5 Bf5 4. Nf3 e6 5. e3 c5 6. Bb5+ Nc6 7. Ne5 Qc7 8. Bxc6+ bxc6 9. O-O Bd6 10. f4 cxd4 11. exd4 h6 12. Bh4 g5 13. Bg3 gxf4 14. Bxf4 O-O-O 15. a3 Ne4 16. Nxe4 Bxe4 17. Qd2 Rhg8 18. g3 f6 19. Nd3 e5 20. dxe5 fxe5 21. Be3 h5 22. Nc5 Bxc5 23. Bxc5 h4 24. Bf2 hxg3 25. Bxg3 Rd7 26. Rf6 Rh7 27. Qc3 d4 28. Qc5 Rxh2 29. Rf8+ Kb7 30. Qb4+ Qb6 31. Rxg8 Rh1+ 32. Kf2 Qxb4 33. axb4 Rxa1 34. Bxe5 Rd1 35. Rd8 Bd5 36. c4 Bxc4 37. Rxd4 Rc1 38. Rd7+ Ka6 39. Rc7 Bd5 40. Bd4 Kb5 41. Rb7+ Kc4 42. Bc3 a6 43. Rb6 Ra1 44. Ke2 Kb3 45. Ke3 Ra2 46. Kd4 Ra1 47. Kc5 Be4 48. Rb8 Bf3 49. Ra8 Bg2 50. Kb6 Bf1 51. Kxc6 Bg2+ 52. Kb6 Bxa8 53. Kc5 Bf3 54. b5 axb5 55. Kxb5 Be2+ 56. Kc5 Ra4 57. Kd5 Rc4 58. Ke5 Bd1 59. Kd5 Bc2 60. Ke5 Ka4 61. Kd5 Bb3 62. Ke5 Kb5 63. Kf5 Kc6 64. Ke5 Rc5+ 65. Kd4 Rd5+ 66. Ke3 Kd6 67. Bb4+ Ke5 68. Bc3+ Kf5 69. Bd4 Bc4 70. b4 Bb5 71. Bc5 Rd3+ 72. Ke2 Ke4 73. Kf2 Rf3+ 74. Kg2 Kf4 75. Bd6+ Kg4 76. Bc7 Bc6 77. Kh2 Rf1 0-1

[Event "3rd FIDE WCCC Rapid U10 2019"]
[Site "Minsk"]
[Date "2019.08.17"]
[Round "6.6"]
[White "Yonal, Timur"]
[Black "Rusanov, Ilya"]
[Result "1/2-1/2"]
[ECO "B40"]
[WhiteElo "1517"]
[BlackElo "1267"]
[Annotator "NA"]
[PlyCount "113"]
[EventDate "2019.08.16"]
[EventType "swiss"]
[EventCountry "BLR"]
[SourceTitle "playchess.com"]
[Source "ChessBase"]
[SourceQuality "1"]
[TimeControl "600+5"]

1. e4 c5 2. Nf3 e6 3. d4 cxd4 4. Nxd4 Nf6 5. Nc3 Bb4 6. Qd3 Bxc3+ 7. bxc3 a6 8. g3 h6 9. Bg2 Nc6 10. f4 e5 11. Nf5 O-O 12. O-O Ng4 13. Bf3 Nf6 14. c4 Qb6+ 15. Be3 Qc7 16. Qc3 d6 17. Rad1 Bxf5 18. exf5 Rad8 19. g4 exf4 20. Bxf4 Ne5 21. Bxe5 dxe5 22. Rxd8 Rxd8 23. Re1 e4 24. Be2 Qf4 25. Qg3 Qxg3+ 26. hxg3 Rd2 27. Bd1 Nxg4 28. Bxg4 Rxc2 29. Rxe4 Rxa2 30. Re7 b5 31. cxb5 axb5 32. Rb7 Ra3 33. Kh2 Rb3 34. Bh5 Rb2+ 35. Kh3 g6 36. fxg6 fxg6 37. Bxg6 Rb4 38. Be8 Rb2 39. Bxb5 Rc2 40. Rb8+ Kg7 41. Rb7+ Kf6 42. Bd3 Rc3 43. Bh7 Rc4 44. Rb6+ Kg5 45. Rg6+ Kh5 46. Rg7 Rh4+ 47. Kg2 Rh2+ 48. Kf3 Rf2+ 49. Ke4 Re2+ 50. Kd5 Re5+ 51. Kd6 Re6+ 52. Kd5 Re5+ 53. Kc6 Re6+ 54. Kb7 Rb6+ 55. Kc8 Rb8+ 56. Kc7 Rb7+ 57. Kxb7 1/2-1/2

[Event "3rd FIDE WCCC Rapid U10 2019"]
[Site "Minsk"]
[Date "2019.08.17"]
[Round "7.1"]
[White "Samunenkov, Ihor"]
[Black "Vetokhin, Savva"]
[Result "1-0"]
[ECO "A45"]
[WhiteElo "1964"]
[BlackElo "2016"]
[Annotator "NA"]
[PlyCount "63"]
[EventDate "2019.08.16"]
[EventType "swiss"]
[EventCountry "BLR"]
[SourceTitle "playchess.com"]
[Source "ChessBase"]
[SourceQuality "1"]
[TimeControl "600+5"]

1. d4 Nf6 2. g3 g6 3. Bg2 Bg7 4. e4 d6 5. Nc3 O-O 6. Nge2 c5 7. dxc5 dxc5 8. Qxd8 Rxd8 9. e5 Nfd7 10. f4 Na6 11. Nd5 Kf8 12. Bd2 Nb6 13. Nxb6 axb6 14. O-O-O Nc7 15. Nc3 Rb8 16. Be3 Bd7 17. a4 Ke8 18. Rd2 Be6 19. Rhd1 Rxd2 20. Rxd2 Bf8 21. a5 bxa5 22. Bxc5 Bd7 23. Bb6 Ne6 24. Bxa5 Ra8 25. b4 Nd8 26. Bxd8 Rxd8 27. Nd5 Rb8 28. e6 fxe6 29. Nc7+ Kd8 30. Nxe6+ Ke8 31. Nxf8 Bf5 32. Nxh7 1-0

[Event "3rd FIDE WCCC Rapid U10 2019"]
[Site "Minsk"]
[Date "2019.08.17"]
[Round "7.2"]
[White "Zverev, Lev"]
[Black "Koshulyan, Egor A."]
[Result "0-1"]
[ECO "B33"]
[WhiteElo "1881"]
[BlackElo "1872"]
[Annotator "NA"]
[PlyCount "122"]
[EventDate "2019.08.16"]
[EventType "swiss"]
[EventCountry "BLR"]
[SourceTitle "playchess.com"]
[Source "ChessBase"]
[SourceQuality "1"]
[TimeControl "600+5"]

1. e4 c5 2. Nf3 Nc6 3. d4 cxd4 4. Nxd4 Nf6 5. Nc3 e5 6. Ndb5 d6 7. Bg5 a6 8. Na3 Be6 9. Bxf6 Qxf6 10. Nd5 Qd8 11. Nc4 b5 12. Nce3 Be7 13. g3 O-O 14. Bg2 Kh8 15. O-O Rc8 16. c3 Qe8 17. Qd3 Bd8 18. Rad1 Ne7 19. Rd2 Rc5 20. Nb4 a5 21. Qxd6 Rc8 22. Nbd5 Ng6 23. Qa3 Qc6 24. h4 Re8 25. Qb3 Ne7 26. Qd1 Bb6 27. Rd3 Bxe3 28. Nxe3 Bxa2 29. Rd6 Qc5 30. Bh3 Ra8 31. Qd2 Bb3 32. Ra1 a4 33. Rd7 Qc6 34. Nd5 Bxd5 35. exd5 Qf6 36. d6 Nc8 37. Rd1 Nb6 38. Rb7 Nc4 39. Qd5 Nxb2 40. Rxf7 Qxf7 41. Qxf7 Nxd1 42. d7 Rf8 43. Qd5 Nxf2 44. Bg2 Rad8 45. Qxb5 a3 46. Qa4 e4 47. Qxa3 e3 48. Qe7 Ng4 49. Bf3 Nf6 50. Qxe3 Rxd7 51. Kg2 Rfd8 52. Be2 Re8 53. Qf3 Rd2 54. Kh3 Rexe2 55. Qa8+ Ne8 56. Qf3 Rh2+ 57. Kg4 Nf6+ 58. Kg5 Rhe2 59. Qa8+ Re8 60. Qf3 Rd5+ 61. Kf4 Re4+ 0-1